 Dungeon Crawl Stone Soup version 0.30-a0-170-g85af917532 (webtiles) character file.

Game seed: 12926365257180100231

248689 Flugkiller the Necromancer (level 18, -10/127 HPs)
             Began as a Mummy Ice Elementalist on Sept 30, 2022.
             Was the Champion of Hepliaklqana.
             Mangled by a titanic slime creature (61 damage)
             ... on level 1 of the Vaults.
             The game lasted 01:02:11 (33265 turns).

Flugkiller the Necromancer (MuIE)                  Turns: 33265, Time: 01:02:11

Health: -10/127    AC: 11    Str: 13    XL:     18   Next: 86%
Magic:  19/33      EV: 20    Int: 20    God:    Hepliaklqana [******]
Gold:   2023       SH:  0    Dex: 23    Spells: 7/40 levels left

rFire   . . .      SeeInvis .    a - +7 demon trident (chaos)
rCold   + . .      Faith    +    (no shield)
rNeg    + + +      Spirit   .    E - +0 troll leather armour
rPois   ∞          Reflect  .    j - +2 hat
rElec   +          Harm     .    l - +0 cloak
rCorr   .          Rampage  .    r - +0 pair of gloves "Rehecyass" {rElec rN+ Dex+4}
Will    ++...                    K - +2 pair of boots
Stlth   ++........               D - amulet of regeneration
HPRegen 1.91/turn                f - ring of protection from fire
MPRegen 0.23/turn                N - +6 ring of dexterity

@: death channelling, animating dead
A: reduced essence, cold resistance 1, negative energy resistance 3, torment
resistance 2, heat vulnerability 1, in touch with death 2, no potions, faith
}: 2/15 runes: decaying, serpentine
a: Renounce Religion, Recall Ancestor, Ancestor Identity, Transference, Idealise


You were on level 1 of the Vaults.
You worshipped Hepliaklqana.
Hepliaklqana was exalted by your worship.
You visited 6 branches of the dungeon, and saw 31 of its levels.
You visited 1 bazaar.
You also visited: Ice Cave and Volcano.

You collected 3456 gold pieces.
You spent 1433 gold pieces at shops.

Inventory:

Hand Weapons
 a - a +7 demon trident of chaos (weapon)
   (You found it in a volcano)
 e - the +8 trident of Zin, Teaching {flame, Str+3 Dex+4}
   (You found it on level 4 of the Dungeon)

   It burns those it strikes, dealing additional fire damage.
   Str:       It affects your strength (+3).
   Dex:       It affects your dexterity (+4).
Missiles
 M - a throwing net
 O - 3 curare-tipped darts
Armour
 j - a +2 hat (worn)
   (You found it on level 1 of the Vaults)
 l - a +0 cloak (worn)
   (You took it off Maurice on level 8 of the Dungeon)
 n - a +2 pair of gloves
   (You found it on level 2 of the Dungeon)
 r - the +0 pair of gloves "Rehecyass" (worn) {rElec rN+ Dex+4}
   (You acquired it on level 14 of the Dungeon)

   Dex:       It affects your dexterity (+4).
   rElec:     It insulates you from electricity.
   rN:        It protects you from negative energy.
 v - a +0 kite shield
   (You found it on level 4 of the Lair of Beasts)
 w - the +4 robe of Folly {Brilliance Will-∞ Int+8}
   (You found it on level 5 of the Lair of Beasts)

   It increases the power of your magical spells.
   It halves the magic cost of your spells (rounding up).
   It reduces your willpower to zero.
   Int:       It affects your intelligence (+8).
 E - a +0 troll leather armour (worn)
   (You found it on level 10 of the Dungeon)
 I - a +1 robe of resistance
   (You found it in an ice cave)
 K - a +2 pair of boots (worn)
   (You found it on level 12 of the Dungeon)
Magical Staves
 u - a staff of earth
   (You found it on level 5 of the Dungeon)
Jewellery
 c - a ring of protection from cold
   (You found it on level 4 of the Swamp)
 f - a ring of protection from fire (left hand)
   (You found it on level 2 of the Dungeon)
 i - a ring of see invisible
   (You found it on level 2 of the Snake Pit)
 m - a ring of willpower
   (You found it on level 1 of the Dungeon)
 p - a +4 ring of protection
   (You bought it in a shop in a bazaar)
 B - a +6 ring of intelligence
   (You found it on level 6 of the Dungeon)
 D - an amulet of regeneration (around neck)
   (You bought it in a shop in a bazaar)
 H - a ring of fire
   (You found it on level 15 of the Dungeon)
 N - a +6 ring of dexterity (right hand)
   (You found it on level 2 of the Lair of Beasts)
 T - a +6 ring of dexterity
   (You found it on level 1 of the Dungeon)
 X - a +4 ring of protection
   (You found it on level 2 of the Snake Pit)
Wands
 d - a wand of light (4)
   (You found it on level 3 of the Snake Pit)
 h - a wand of flame (9)
   (You took it off Maurice on level 8 of the Dungeon)
 A - a wand of polymorph (8)
   (You bought it in a shop in a bazaar)
 F - a wand of roots (5)
   (You found it on level 15 of the Dungeon)
 J - a wand of charming (22)
   (You found it on level 12 of the Dungeon)
 L - a wand of mindburst (12)
   (You found it on level 1 of the Lair of Beasts)
 R - a wand of digging (7)
   (You found it on level 1 of the Swamp)
Scrolls
 b - a scroll of silence
 g - 6 scrolls of poison
 k - 5 scrolls of butterflies
 q - 6 scrolls of fear
 s - 2 scrolls of vulnerability
 t - 15 scrolls of teleportation
 x - 4 scrolls of immolation
 y - 8 scrolls of magic mapping
 z - 2 scrolls of blinking
 C - 9 scrolls of enchant armour
 P - 6 scrolls of amnesia
 W - 5 scrolls of torment
Miscellaneous
 G - a condenser vane
   (You found it in an ice cave)
 U - a lightning rod (4/4)
   (You found it on level 1 of the Snake Pit)
 V - a tin of tremorstones (2/2)
   (You found it on level 1 of the Snake Pit)


   Skills:
 + Level 12.6 Fighting
 - Level 10.0 Polearms
 - Level 11.0 Dodging
 - Level 1.5 Stealth
 + Level 11.8 Spellcasting
 - Level 12.0 Summonings
 + Level 15.4 Necromancy
 - Level 8.0 Ice Magic
 - Level 8.0 Earth Magic
 - Level 10.0 Invocations
 - Level 5.0 Evocations


You had 7 spell levels left.
You knew the following spells:

 Your Spells              Type           Power      Damage    Failure   Level
a - Freeze                Ice            100%       1d11      1%          1
b - Frozen Ramparts       Ice            86%        1d13      1%          3
c - Ozocubu's Armour      Ice            43%        N/A       1%          3
d - Summon Ice Beast      Ice/Summ       51%        N/A       1%          4
e - Borgnjor's Vile Clut  Necr/Erth      46%        N/A       1%          5
f - Animate Dead          Necr           100%       N/A       1%          4
g - Death Channel         Necr           52%        N/A       1%          6
h - Haunt                 Necr/Summ      49%        N/A       22%         7

Your spell library contained the following spells:

 Spells                   Type           Power      Damage    Failure   Level
 Necrotise                Necr           100%       1d9       0%          1
 Kiss of Death            Conj/Necr      100%       2d13      1%          1
 Sandblast                Erth           86%        2d18      1%          1
 Summon Small Mammal      Summ           100%       N/A       1%          1
 Call Canine Familiar     Summ           56%        N/A       1%          3
 Summon Guardian Golem    Hex/Summ       35%        N/A       1%          3
 Vampiric Draining        Necr           100%       2d13      1%          3
 Dispel Undead            Necr           100%       3d31      1%          4
 Agony                    Necr           100%       N/A       1%          5
 Passwall                 Tmut/Erth      22%        N/A       2%          2
 Stone Arrow              Conj/Erth      54%        3d10      4%          3
 Slow                     Hex            44%        N/A       8%          1
 Sting                    Tmut/Pois      44%        1d5       8%          1
 Simulacrum               Ice/Necr       46%        N/A       10%         6
 Petrify                  Tmut/Erth      27%        N/A       14%         4
 Confusing Touch          Hex            11%        N/A       22%         3
 Dazzling Flash           Conj/Hex       22%        N/A       22%         3
 Gell's Gravitas          Tloc           11%        N/A       22%         3
 Lesser Beckoning         Tloc           11%        N/A       22%         3
 Portal Projectile        Hex/Tloc       22%        N/A       22%         3
 Teleport Other           Tloc           11%        N/A       22%         3
 Tukima's Dance           Hex            11%        N/A       22%         3
 Freezing Cloud           Conj/Ice/Air   11%        6-21      56%         5
 Iskenderun's Mystic Bla  Conj/Tloc      11%        2d4       58%         4
 Passage of Golubria      Tloc           11%        N/A       58%         4
 Irradiate                Conj/Tmut      5%         3d13      90%         5
 Silence                  Hex/Air        5%         N/A       90%         5
 Yara's Violent Unravell  Hex/Tmut       5%         3d4       90%         5
 Malign Gateway           Summ/Tloc      17%        N/A       99%         7
 Starburst                Conj/Fire      5%         6d4       100%        6
 Infestation              Necr           52%        N/A       65%         8
 Summon Horrible Things   Summ           28%        N/A       98%         8
 Chain Lightning          Conj/Air       5%         3d7       100%        9
 Fire Storm               Conj/Fire      5%         8d2       100%        9
 Polar Vortex             Ice            21%        N/A       100%        9
 Shatter                  Erth           21%        3d19*     100%        9
 Sublimation of Blood     Necr           Unusable   N/A       N/A         2
 Wereblood                Tmut           Unusable   N/A       N/A         2
 Blade Hands              Tmut           Unusable   N/A       N/A         5

Dungeon Overview and Level Annotations

Branches:
Dungeon (15/15) Zot: 25489  Temple (0/1) D:5            Lair (5/5) D:11 Zot: 23181
  Swamp (4/4) Lair:2 Zot: 21191   Snake (4/4) Lair:3 Zot: 19304   Slime (0/5) Lair:5
    Orc (2/2) D:11 Zot: 10604     Elf (0/3) Orc:2        Vaults (1/5) D:13 Zot: 5700
 Depths (0/4) D:15          IceCv (visited)         Volcano (visited)

Altars:
Hepliaklqana
Kikubaaqudgha
Nemelex Xobeh
Okawaru
Qazlal
Ru
Trog
Uskayaw
Wu Jian

Shops:
D:2 [   D:7 [   D:10 (   D:12 :   Orc:2 =:=[!

Annotations:
D:4 2 runed translucent doors, exclusion: ogre, trm's ghost, amateur OpCj
D:8 Erica
Swamp:2 2 transporters, btonasse's ghost, journeyman SpEn


Innate Abilities, Weirdness & Mutations

Your life essence is reduced to manifest your ancestor. (-10% HP)
You are immune to poison.
Your flesh is cold resistant. (rC+)
You are immune to negative energy. (rN+++)
You are immune to unholy pain and torment.
You are vulnerable to heat. (rF-)
You are strongly in touch with the powers of death.
You do not drink.
You have a special connection with the divine. (Faith)


Message History

Deactivating autopickup; reactivate with Ctrl-A.
Lici barely misses something.
Something hits you but does no damage.
You hit something. You burn something.
A slime creature comes into view.
Lici hits something with a +0 broad axe of flaming.
Lici burns something.
Something misses you.
You puncture something! You burn something.
The slime creature quivers.
You puncture something!
Lici hits something with a +0 broad axe of flaming!
Lici burns something.
Something hits you.
You reach to attack!
You hit the slime creature.
The slime creature is poisoned.
The slime creature is lightly wounded.
Lici hits the slime creature with a +0 broad axe of flaming!
Lici burns the slime creature.
A slime creature comes into view.
You puncture the slime creature!
The slime creature evaporates and reforms as a storm dragon!
Lici completely misses the storm dragon.
The storm dragon bites you but does no damage.
The storm dragon claws you.
The storm dragon tramples you but does no damage.
You puncture the storm dragon!
The storm dragon resists with almost no effort.
The storm dragon is lightly wounded.
The storm dragon misses you.
The storm dragon claws you but does no damage.
The storm dragon completely misses you.
Lici hits the storm dragon but does no damage.
The slime creature barely misses you.
You puncture the storm dragon! You freeze the storm dragon.
The storm dragon is moderately wounded.
The storm dragon bites you!!
The storm dragon claws you but does no damage.
The storm dragon completely misses you.
The storm dragon attacks as you move away!
The storm dragon bites you but does no damage.
The storm dragon completely misses you. The storm dragon tramples you!
Lici hits the storm dragon with a +0 broad axe of flaming!
Lici burns the storm dragon.
Two slime creatures merge to form a large slime creature.
The storm dragon breathes lightning at you.
The bolt of lightning hits Lici!!
The bolt of lightning hits you! You resist.
Casting: Borgnjor's Vile Clutch (mildly dangerous; 1% risk of failure)
Confirm with . or Enter, or press ? or * to list all spells.
You feel a strong surge of power!
You call upon the dead to rise.
Lici hits the storm dragon with a +0 broad axe of flaming.
Lici burns the storm dragon.
Something merges into a large slime creature, and it vanishes!
Reactivating autopickup.
The storm dragon bites Lici!
The storm dragon claws Lici but does no damage.
The storm dragon tramples Lici but does no damage.
Casting: Animate Dead (safe; 1% risk of failure)
Confirm with . or Enter, or press ? or * to list all spells.
Okay, then.
Casting: Animate Dead (safe; 1% risk of failure)
Confirm with . or Enter, or press ? or * to list all spells.
Aiming: Borgnjor's Vile Clutch (mildly dangerous; 1% risk of failure)
Press: ? - help, Shift-Dir - straight line, f/p - storm dragon
Aim: a storm dragon (moderately wounded, ally target, 100% to hit)
Okay, then.
Casting: Borgnjor's Vile Clutch (mildly dangerous; 1% risk of failure)
Confirm with . or Enter, or press ? or * to list all spells.
Aiming: Borgnjor's Vile Clutch (mildly dangerous; 1% risk of failure)
Press: ? - help, Shift-Dir - straight line, f/p - storm dragon
Aim: a storm dragon (moderately wounded, ally target, 100% to hit)
You feel a strong surge of power!
Zombie hands grab the storm dragon.
The zombie hands constrict the storm dragon!
Lici hits the storm dragon with a +0 broad axe of flaming.
Lici burns the storm dragon.
Lici hits something with a +0 broad axe of flaming!
Lici burns something.
The storm dragon breathes lightning at you.
The bolt of lightning hits Lici!!
Lici is destroyed!
The bolt of lightning misses you.
Casting: Borgnjor's Vile Clutch (mildly dangerous; 1% risk of failure)
Confirm with . or Enter, or press ? or * to list all spells.
You feel a strong surge of power!
Malign forces permeate your being, awaiting release.
The zombie hands constrict the storm dragon.
The storm dragon struggles to escape constriction.
The storm dragon escapes!
You puncture the storm dragon! You burn the storm dragon!
The storm dragon is severely wounded.
You puncture the storm dragon!
The storm dragon flickers and vanishes!
Deactivating autopickup; reactivate with Ctrl-A.
Something bites you. Something claws you! Something closely misses you.
Something misses you.
You puncture something!
Nothing appears to happen.
Something bites you!! Something claws you. Something completely misses you.
Something closely misses you.
You hit something. You burn something. Something bites you!
Something claws you.
Something tramples you but does no damage.
Something hits you!!!
You die...

......#
#......#
......#
#...#+###
......#
#...#...+
......#
#...#...#
......#
###'#...#
##+####
#......#
#.#.∩#.#
#......#
#####@..#
#...{{..#
#...'...#
+...#####
#... #.#.
#... # .[
.#.


There were no monsters in sight!

Vanquished Creatures
  An ironbound preserver (Vaults:1)
  2 eleionomae
  3 dire elephants
  5 vault guards
  2 ogre magi
  3 hydras
  An ice dragon (D:12)
  2 salamander tyrants (Snake:4)
  A catoblepas (Lair:4)
  3 boulder beetles
  5 centaur warriors
  8 anacondas
  3 alligators
  5 two-headed ogres
  A tengu warrior (D:12)
  8 naga warriors
  6 death yaks
  4 naga sharpshooters
  3 shock serpents
  Sonja (Lair:3)
  A spectral death yak (Lair:5)
  2 salamander mystics
  3 deep trolls (Vaults:1)
  An obsidian statue (Lair:5)
  A swamp dragon (Swamp:3)
  2 bog bodies (Lair:2)
  2 naga ritualists
  A deep elf pyromancer (D:14)
  A spectral anaconda (Lair:5)
  A wizard (D:14)
  4 mana vipers
  4 ugly things
  3 necromancers
  2 orc knights
  A manticore (D:15)
  3 slime creatures
  5 salamanders
  2 cyclopes
  11 elephants
  Joseph (D:7)
  2 guardian serpents (Snake:4)
  7 naga magi
  2 cane toads
  19 black mambas
  7 rime drakes
  A komodo dragon (Lair:5)
  A yaktaur (Vaults:1)
  A freezing wraith (D:14)
  5 tyrant leeches
  8 trolls
  3 meliai (D:15)
  4 polar bears
  3 hornets (Swamp:1)
  2 spectral elephants (Lair:5)
  5 blink frogs
  A spriggan (Swamp:1)
  27 yaks
  A vampire (D:12)
  A wyvern (D:10)
  2 fire bats (Volcano)
  4 vampire mosquitoes
  3 basilisks
  A death yak simulacrum (Lair:5)
  2 spectral cane toads (Lair:5)
  10 swamp worms
  2 wargs (Orc:1)
  19 nagas
  3 water moccasins
  2 swamp drakes
  10 orc warriors
  2 black bears
  An elephant zombie (Lair:5)
  11 ogres
  12 centaurs
  4 boggarts (D:15)
  16 wolves
  2 lemures (D:7)
  8 bullfrogs
  A gnoll sergeant (D:8)
  A necrophage (D:4)
  A water moccasin zombie (D:5)
  4 wights
  6 killer bees
  An electric eel (D:12)
  2 howler monkeys (D:7)
  9 orc priests
  4 iguanas (D:5)
  12 orc wizards
  3 polar bear simulacra (Lair:3)
  2 yak simulacra (Lair:3)
  3 wolf simulacra (Lair:3)
  3 gnolls (D:8)
  8 adders
  An ufetubus (D:3)
  3 worms
  3 dart slugs
  49 orcs
  9 endoplasms
  2 giant cockroaches
  3 goblins (D:1)
  5 hobgoblins
  3 jackals (D:3)
  4 quokkas
  6 ball pythons
  2 bats
  5 frilled lizards
  9 kobolds
  8 rats
504 creatures vanquished.

Vanquished Creatures (collateral kills)
  the Lernaean hydra (Swamp:4)
  Jorgrun (Swamp:2)
  Rupert (Lair:3)
  Frances (Snake:2)
  2 thorn hunters
  A sphinx (Vaults:1)
  8 nagarajas (Snake:4)
  A fenstrider witch (Swamp:3)
  A frost giant (IceCv)
  A vault warden (Vaults:1)
  Aizul (Snake:3)
  An eleionoma (Swamp:3)
  A dire elephant (Snake:3)
  4 bunyips
  Snorg (Orc:1)
  A shambling mangrove (Swamp:1)
  A great orb of eyes (D:15)
  3 salamander tyrants (Snake:4)
  Erolcha (D:13)
  13 hydras
  3 vault guards (D:13)
  11 anacondas
  2 ghost crabs (Swamp:2)
  2 ogre magi
  2 boulder beetles
  6 centaur warriors
  A two-headed ogre (shapeshifter) (Vaults:1)
  7 two-headed ogres
  3 alligators
  16 naga warriors
  3 death yaks (IceCv)
  11 naga sharpshooters
  An orc high priest (Orc:1)
  2 shock serpents
  A salamander mystic (Snake:4)
  A deep elf knight (Snake:3)
  2 goliath frogs (Swamp:1)
  10 swamp dragons
  4 bog bodies
  5 naga ritualists
  A deep elf archer (Snake:3)
  3 deep trolls
  2 spriggan druids (Swamp:3)
  Pikel (D:7)
  2 orc knights
  3 deep elf pyromancers (D:12)
  4 harpies (Vaults:1)
  An oklob plant (Snake:1)
  2 manticores
  A necromancer (Lair:5)
  An orc sorcerer (Orc:1)
  The ghost of DrLatency the Destroyer, a novice MeCj (D:5)
  3 will-o-the-wisps
  6 ugly things
  7 mana vipers
  19 salamanders
  4 cyclopes
  Maurice (D:8)
  16 elephants
  9 guardian serpents
  A molten gargoyle (Volcano)
  21 black mambas
  17 naga magi
  An ice statue (IceCv)
  A gargoyle (D:12)
  3 cane toads
  An unseen horror (D:13)
  A kobold demonologist (D:9)
  Psyche (D:8)
  3 rime drakes
  An efreet (D:15)
  A yaktaur (Volcano)
  3 komodo dragons
  A bloated husk (Swamp:3)
  3 polar bears (IceCv)
  A meliai (D:12)
  3 hornets
  Prince Ribbit (D:7)
  2 blink frogs (Lair:5)
  7 trolls
  12 tyrant leeches
  4 slime creatures
  A centaur simulacrum (D:15)
  2 shadows
  3 spriggans
  A human (shapeshifter) (D:15)
  A wraith (D:10)
  A water elemental (D:12)
  20 yaks
  Grum (D:8)
  A wyvern (Lair:3)
  2 basilisks
  9 vampire mosquitoes
  28 nagas
  11 swamp worms
  A water moccasin (Lair:1)
  A hell hound (Snake:3)
  An acid dragon (D:10)
  A black bear (D:6)
  4 orc warriors (Orc:2)
  6 swamp drakes
  A sky beast (D:7)
  A boggart (D:15)
  14 ogres
  6 wolves
  6 centaurs
  An elephant skeleton (Lair:5)
  A kobold brigand (D:9)
  Blork the orc (D:6)
  3 bullfrogs
  A necrophage (D:6)
  4 wights
  5 killer bees
  An elephant simulacrum (Lair:5)
  2 electric eels
  A howler monkey (D:9)
  5 lava snakes (Volcano)
  A jelly (D:8)
  6 orc priests
  3 iguanas
  11 orc wizards
  A yak simulacrum (Lair:3)
  A howler monkey zombie (D:5)
  A howler monkey skeleton (D:5)
  4 gnolls
  4 adders
  An ufetubus (D:6)
  A dart slug (D:5)
  41 orcs
  2 hobgoblins (D:4)
  2 river rat simulacra (Lair:3)
  A briar patch (Swamp:2)
  A bush (Bazaar)
543 creatures vanquished.

Vanquished Creatures (others)
  3 bunyip zombies
  10 anaconda zombies
  A mana viper (Snake:3)
  A sphinx zombie (Vaults:1)
  A human zombie (Vaults:1)
  3 swamp worm zombies
  7 hydra zombies
  3 harpy zombies (Vaults:1)
  3 mana viper zombies
  4 bloated husks
  4 guardian serpent zombies
  3 alligator zombies
  8 black mamba zombies
  2 tyrant leech zombies (Swamp:3)
  A swamp drake (Swamp:4)
  A hornet zombie (Swamp:1)
  7 swamp dragon zombies (Swamp:4)
  9 salamander zombies
  25 naga zombies
  34 knights
  3 swamp drake zombies (Swamp:4)
  3 ancestors (D:4)
  2 briar patches (Swamp:2)
  A bush (Lair:4)
  7 foxfires
  39 fungi
  84 plants
  31 withered plants (Lair:5)
300 creatures vanquished.

Grand Total: 1347 creatures vanquished

Notes
Turn   | Place    | Note
-------+----------+-------------------------------------------
     0 | D:1      | Flugkiller the Mummy Ice Elementalist began the quest for
                  | the Orb.
     0 | D:1      | Reached XP level 1. HP: 13/13 MP: 4/4
   258 | D:1      | Reached XP level 2. HP: 11/20 MP: 0/6
   474 | D:1      | Reached skill level 1 in Fighting
  1197 | D:1      | Gained mutation: You are in touch with the powers of death.
                  | [Mummy growth]
  1197 | D:1      | Reached XP level 3. HP: 23/26 MP: 6/8
  1288 | D:2      | Found a faded altar of an unknown god.
  1304 | D:2      | Found Aczewi's Antique Armour Shop.
  1424 | D:2      | You fall into a shaft and drop 2 floors!
  1594 | D:3      | Learned a level 3 spell: Frozen Ramparts
  1619 | D:3      | Reached XP level 4. HP: 32/32 MP: 7/10
  2290 | D:2      | Reached XP level 5. HP: 37/37 MP: 7/11
  2400 | D:2      | Found a stormy altar of Qazlal.
  2623 | D:3      | Found an iron altar of Okawaru.
  2626 | D:3      | Found a hazy altar of Hepliaklqana.
  2638 | D:3      | Became a worshipper of Hepliaklqana the Forgotten
  3109 | D:4      | Found a sacrificial altar of Ru.
  3109 | D:4      | Noticed a water moccasin
  3118 | D:4      | Killed a water moccasin
  3119 | D:4      | Reached skill level 5 in Ice Magic
  3119 | D:4      | Reached XP level 6. HP: 31/43 MP: 5/12
  3178 | D:4      | Found a sparkling altar of Nemelex Xobeh.
  3186 | D:4      | Learned a level 4 spell: Summon Ice Beast
  3190 | D:4      | Learned a level 3 spell: Ozocubu's Armour
  3204 | D:4      | Identified the +8 trident of Zin, Teaching {flame, Str+3
                  | Dex+4}
  3235 | D:4      | Found a runed translucent door.
  3420 | D:4      | Reached * piety under Hepliaklqana
  3477 | D:4      | Found a runed translucent door.
  3479 | D:4      | Noticed trm's ghost (amateur OpCj)
  4005 | D:4      | Identified the +1 pair of boots of Responsibility {Stlth+}
  4017 | D:4      | Reached skill level 1 in Summonings
  4350 | D:4      | Reached skill level 5 in Spellcasting
  4350 | D:4      | Reached XP level 7. HP: 22/43 MP: 4/14
  4841 | D:5      | Entered Level 5 of the Dungeon
  5130 | D:5      | Reached ** piety under Hepliaklqana
  5132 | D:5      | Remembered your ancestor Lici as a knight
  5305 | D:5      | Found a staircase to the Ecumenical Temple.
  5430 | D:5      | Found a bloodstained altar of Trog.
  5482 | D:5      | Found a runed translucent gate.
  5482 | D:5      | Found a runed translucent gate.
  5483 | D:5      | Found a runed translucent gate.
  5485 | D:5      | Noticed DrLatency's ghost (novice MeCj)
  6133 | D:5      | Killed DrLatency's ghost
  6134 | D:5      | Reached XP level 8. HP: 44/48 MP: 16/18
  6212 | D:6      | Reached skill level 5 in Summonings
  6324 | D:6      | Found an ancient bone altar of Kikubaaqudgha.
  6422 | D:6      | Reached *** piety under Hepliaklqana
  6628 | D:6      | Noticed Blork the orc
  6636 | D:6      | Killed Blork the orc
  6825 | D:7      | Noticed Prince Ribbit
  6857 | D:7      | Killed Prince Ribbit
  6858 | D:7      | Reached XP level 9. HP: 53/57 MP: 14/19
  7037 | D:7      | Found Woliamm's Armour Emporium.
  7138 | D:7      | Noticed Joseph
  7150 | D:7      | Killed Joseph
  7234 | D:7      | Found a hide-covered altar of Uskayaw.
  7235 | D:7      | Noticed Pikel
  7243 | D:7      | Killed Pikel
  7505 | D:7      | Identified the +8 spear of Ascent {freeze, Str+2}
  7707 | D:8      | Noticed Maurice
  7709 | D:8      | Noticed Erica
  7738 | D:8      | Reached skill level 5 in Fighting
  7739 | D:8      | Reached skill level 1 in Polearms
  7876 | D:8      | Noticed Psyche
  7894 | D:8      | Killed Psyche
  7895 | D:8      | Reached XP level 10. HP: 66/66 MP: 16/20
  7955 | D:8      | Noticed a two-headed ogre
  7966 | D:8      | Killed a two-headed ogre
  8082 | D:8      | Reached **** piety under Hepliaklqana
  8088 | D:8      | Noticed Grum
  8095 | D:8      | Reached skill level 5 in Dodging
  8100 | D:8      | Killed Grum
  8126 | D:8      | Killed Maurice
  8944 | D:9      | Noticed a two-headed ogre
  8956 | D:9      | Killed a two-headed ogre
  9079 | D:9      | Reached XP level 11. HP: 60/72 MP: 17/21
  9184 | D:10     | Entered Level 10 of the Dungeon
  9201 | D:10     | Reached skill level 5 in Polearms
  9447 | D:10     | Found Qenoewn's Weapon Shoppe.
  9546 | D:10     | Reached ***** piety under Hepliaklqana
 10083 | D:11     | Found a staircase to the Lair.
 10195 | D:11     | Noticed a two-headed ogre
 10203 | D:11     | Killed a two-headed ogre
 10307 | D:11     | Noticed an orc knight
 10331 | D:11     | Killed an orc knight
 10407 | D:11     | Found a staircase to the Orcish Mines.
 10724 | D:12     | Noticed a cyan ugly thing
 10742 | D:12     | Killed a cyan ugly thing
 10752 | D:12     | Noticed a brown ugly thing
 10752 | D:12     | Noticed a deep elf pyromancer
 10753 | D:12     | Noticed a deep elf pyromancer
 10753 | D:12     | Noticed a cyan ugly thing
 10764 | D:12     | Found Poompuan's Book Shop.
 10795 | D:12     | Noticed a boulder beetle
 10831 | D:12     | Killed a boulder beetle
 10856 | D:12     | Identified the +6 shortbow of Disorder {flame, Str+4 Int+4}
 10907 | D:12     | Found a frozen archway.
 10937 | IceCv    | Entered an ice cave
 10948 | IceCv    | Reached XP level 12. HP: 81/81 MP: 15/22
 11008 | IceCv    | Noticed a death yak
 11012 | IceCv    | Noticed a death yak
 11031 | IceCv    | Killed a death yak
 11039 | IceCv    | Killed a death yak
 11147 | IceCv    | Noticed a death yak
 11155 | IceCv    | Noticed a death yak
 11159 | IceCv    | Killed a death yak
 11200 | IceCv    | Killed a death yak
 11705 | IceCv    | Noticed a death yak
 11710 | IceCv    | Reached skill level 10 in Polearms
 11714 | IceCv    | Reached skill level 1 in Invocations
 11716 | IceCv    | Killed a death yak
 11782 | IceCv    | Noticed a death yak
 11782 | IceCv    | Noticed a frost giant
 11862 | IceCv    | Killed a frost giant
 11978 | IceCv    | Killed a death yak
 11979 | IceCv    | Reached skill level 5 in Invocations
 12309 | D:12     | Noticed a tengu warrior
 12313 | D:12     | Noticed an ogre mage
 12332 | D:12     | Killed a tengu warrior
 12333 | D:12     | Gained mutation: You are strongly in touch with the powers
                  | of death. [Mummy growth]
 12333 | D:12     | Reached XP level 13. HP: 84/86 MP: 6/23
 13052 | D:12     | Bought a book of Unlife for 468 gold pieces
 13058 | D:12     | Learned a level 5 spell: Borgnjor's Vile Clutch
 13127 | Lair:1   | Entered Level 1 of the Lair of Beasts
 14064 | Lair:2   | Reached skill level 1 in Necromancy
 14178 | Lair:2   | Reached skill level 1 in Earth Magic
 14574 | Lair:2   | Found an ornate altar of the Wu Jian Council.
 14655 | Lair:2   | Reached skill level 2 in Necromancy
 14658 | Lair:2   | Found a staircase to the Swamp.
 14881 | Lair:3   | Reached ****** piety under Hepliaklqana
 14903 | Lair:3   | Found a staircase to the Snake Pit.
 15102 | Lair:3   | Noticed Rupert
 15141 | Lair:3   | Paralysed by Rupert for 5 turns
 15151 | Lair:3   | Killed Rupert
 15152 | Lair:3   | Noticed Sonja
 15173 | Lair:3   | Killed Sonja
 15174 | Lair:3   | Reached skill level 3 in Necromancy
 15739 | Lair:4   | Reached skill level 4 in Necromancy
 15796 | Lair:4   | Found a dark tunnel.
 15808 | Volcano  | Entered a volcano
 16203 | Volcano  | Found a radiant altar of Vehumet.
 16333 | Volcano  | Reached XP level 14. HP: 77/95 MP: 21/24
 16654 | Lair:4   | Reached skill level 10 in Dodging
 17138 | Lair:4   | Reached skill level 5 in Necromancy
 17630 | Lair:5   | Entered Level 5 of the Lair of Beasts
 17697 | Lair:5   | Found a staircase to the Slime Pits.
 17811 | Lair:5   | Found the +4 robe of Folly {Brilliance Will-∞ Int+8}
 18964 | Lair:5   | Reached skill level 6 in Necromancy
 19077 | Lair:5   | Reached skill level 5 in Earth Magic
 20160 | Lair:5   | Reached skill level 10 in Fighting
 20514 | D:13     | Found a gate to the Vaults.
 20531 | D:13     | Reached skill level 7 in Necromancy
 21402 | D:13     | Reached XP level 15. HP: 95/103 MP: 25/25
 21594 | D:13     | Noticed Erolcha
 21604 | D:13     | Killed Erolcha
 21646 | D:13     | Reached skill level 8 in Necromancy
 22027 | D:14     | Identified a scroll of acquirement
 22084 | D:14     | Acquired the +0 pair of gloves "Rehecyass" {rElec rN+
                  | Dex+4}
 22378 | D:15     | Entered Level 15 of the Dungeon
 22625 | D:15     | Found a flickering gateway to a bazaar.
 22634 | Bazaar   | Entered a bazaar
 22634 | Bazaar   | Found Jorairox's Assorted Antiques.
 22634 | Bazaar   | Found Meurecka's Jewellery Shop.
 22634 | Bazaar   | Found Etotyas's Distillery.
 22634 | Bazaar   | Found Neahas's Magic Scroll Boutique.
 22653 | Bazaar   | Bought a scroll of torment for 85 gold pieces
 22657 | Bazaar   | Bought a scroll of teleportation for 42 gold pieces
 22657 | Bazaar   | Bought a scroll of fear for 56 gold pieces
 22657 | Bazaar   | Bought a lead wand for 56 gold pieces
 22659 | Bazaar   | Bought an amulet of regeneration for 330 gold pieces
 22659 | Bazaar   | Bought a +4 ring of protection for 396 gold pieces
 22780 | D:15     | Reached skill level 9 in Necromancy
 22844 | D:15     | Found a staircase to the Depths.
 23822 | Orc:1    | Entered Level 1 of the Orcish Mines
 24235 | Orc:1    | Noticed Snorg
 24242 | Orc:1    | Killed Snorg
 24330 | Orc:1    | Reached skill level 10 in Necromancy
 24488 | Orc:2    | Entered Level 2 of the Orcish Mines
 24498 | Orc:2    | Found Hietwei's Jewellery Boutique.
 24512 | Orc:2    | Found a staircase to the Elven Halls.
 24662 | Orc:2    | Found Poemisum's Jewellery Shoppe.
 24676 | Orc:2    | Reached skill level 11 in Necromancy
 24827 | Orc:2    | Found Moju Qeh's Distillery.
 24827 | Orc:2    | Found Pemoen's Book Emporium.
 24827 | Orc:2    | Found Ecabb's Antique Armour Shop.
 24887 | Orc:2    | Reached skill level 12 in Necromancy
 25209 | Orc:2    | Learned a level 4 spell: Animate Dead
 25216 | Orc:2    | Learned a level 6 spell: Death Channel
 25352 | Swamp:1  | Entered Level 1 of the Swamp
 25415 | Swamp:1  | Reached skill level 1 in Evocations
 25493 | Swamp:1  | Reached XP level 16. HP: 97/109 MP: 28/28
 25953 | Swamp:2  | Noticed btonasse's ghost (journeyman SpEn)
 25954 | Swamp:2  | Found a transporter.
 25954 | Swamp:2  | Noticed a thorn hunter
 25956 | Swamp:2  | Noticed a thorn hunter
 25956 | Swamp:2  | You fall into a shaft and drop 1 floor!
 26503 | Swamp:2  | Noticed a thorn hunter
 26517 | Swamp:2  | Killed a thorn hunter
 26585 | Swamp:2  | Identified the +12 rapier of Harmony {venom, Dex+6}
 26589 | Swamp:2  | Found a transporter.
 26593 | Swamp:2  | Noticed Jorgrun
 26604 | Swamp:2  | Killed Jorgrun
 26782 | Swamp:2  | Found a sparkling altar of Nemelex Xobeh.
 26931 | Swamp:4  | Entered Level 4 of the Swamp
 27077 | Swamp:4  | Noticed the 27-headed Lernaean hydra
 27086 | Swamp:4  | Killed the 27-headed Lernaean hydra
 27095 | Swamp:4  | Reached skill level 5 in Evocations
 27101 | Swamp:4  | Reached skill level 10 in Invocations
 27146 | Swamp:4  | Got a decaying rune of Zot
 27214 | Swamp:4  | Noticed a thorn hunter
 27223 | Swamp:4  | Killed a thorn hunter
 27252 | Swamp:4  | Learned a level 7 spell: Haunt
 28006 | Snake:1  | Entered Level 1 of the Snake Pit
 28060 | Snake:1  | Found a hazy altar of Hepliaklqana.
 28096 | Snake:1  | Reached XP level 17. HP: 91/119 MP: 3/30
 28183 | Snake:1  | Reached skill level 10 in Spellcasting
 28705 | Snake:2  | Noticed Frances
 28715 | Snake:2  | Killed Frances
 28775 | Snake:2  | Reached skill level 13 in Necromancy
 29469 | Snake:2  | Got Sif Muna's Parchment of Glacial Transfiguration
 30015 | Snake:3  | Noticed Aizul
 30024 | Snake:3  | Killed Aizul
 30294 | Snake:3  | Reached skill level 14 in Necromancy
 31202 | Snake:4  | Entered Level 4 of the Snake Pit
 31436 | Snake:4  | Reached XP level 18. HP: 126/126 MP: 27/33
 31643 | Snake:4  | Reached skill level 10 in Summonings
 31732 | Snake:4  | Reached skill level 15 in Necromancy
 32680 | Snake:4  | Got a serpentine rune of Zot
 32933 | Vaults:1 | Entered Level 1 of the Vaults
 33265 | Vaults:1 | Mangled by a titanic slime creature

Illustrated notes

Levels and vault maps discovered:
D:1:      scummos_arrival_checkerplants, layout_rooms, grunt_decor_clamped,
          minmay_indecisive_spiral
D:2:      layout_rooms, basic_altar, serial_shops, shop,
          nicolae_ecumenical_lake_church
D:3:      layout_basic, nicolae_overflow_squiral, glass_columns_a,
          grunt_ministairs_15
D:4:      wander_river, layout_basic, mainiacjoe_overflow_large_starburst,
          ebering_ghost_sewer_f
D:5:      layout_basic, lemuel_round_altar, temple_fountains,
          gammafunk_ghost_necromancy
D:6:      layout_loops_cross, lemuel_doored_altar, uniq_blork_the_orc
D:7:      layout_loops_ring, nicolae_uskayaw_dance_hall, serial_shops,
          kennysheep_little_box, patterned_corridor, uniq_prince_ribbit1,
          uniq_joseph, uniq_pikel
D:8:      layout_rooms, due_unseen_surprise, uniq_grum, uniq_erica, uniq_psyche,
          uniq_maurice
D:9:      layout_loops_cross, mainiacjoe_overflow_six_doors_small
D:10:     layout_basic, serial_shops, shop
D:11:     layout_cave_pods, grunt_lair_entry_orc_guard_hut, david_orc_5
D:12:     minmay_the_grid_net [minmay_the_grid_outer_diamond,
          minmay_the_grid_minigrid_small, minmay_the_grid_odd_star,
          minmay_the_grid_empty, minmay_the_grid_dragon_b,
          minmay_the_grid_prize_inner_circle], layout_basic, serial_shops,
          nicolae_shop_waterfront, portal_ice_cave_rime
D:13:     layout_irregular_city, erik_vaults_2, uniq_erolcha
D:14:     layout_basic, minmay_misc_feat_pillars
D:15:     gammafunk_enter_depths_forms, layout_loops_corners,
          minmay_door_square, serial_shops, bzr_entry_dummy
Lair:1:   layout_cellular_growth, serial_forest, infiniplex_forest_clump_large,
          infiniplex_forest_zigzag_2, infiniplex_forest_lined_corner,
          infiniplex_forest_diagonal, infiniplex_forest_lined_2,
          infiniplex_forest_clump_small, grunt_megastairs_1
Lair:2:   layout_regular_city, nicolae_swamp_entry_splash_gauntlet, basic_altar,
          serial_rivers, chequers_serial_rivers_small_3,
          chequers_serial_rivers_micro_e, chequers_serial_rivers_small_b,
          chequers_serial_rivers_room_a, chequers_serial_rivers_micro_a,
          grunt_megastairs_3
Lair:3:   layout_misc_corridors, guppyfry_snake_entry_garden,
          eino_house_with_fridge, uniq_rupert, uniq_sonja
Lair:4:   layout_regular_city, lightli_volcano_entry_magma_tube,
          nicolae_lair_yak_garden
Lair:5:   due_jungle_book, layout_regular_city, slime_entry_1
Swamp:1:  layout_basic_swamp, nicolae_swamp_tree_isthmus
Swamp:2:  layout_basic_swamp, gammafunk_ghost_arena, basic_altar, swamp_pool4,
          lightli_tree_ring, uniq_jorgrun
Swamp:3:  layout_basic_swamp, evilmike_swamp_ruin_house_4,
          infiniplex_staircase_pool_2
Swamp:4:  swamp_old_school, layout_basic_swamp, nicolae_swamp_bloodsuckers_inc
Snake:1:  cheibrodos_snake_ritualist_ritual, layout_onion, lemuel_oklob_altar,
          grunt_megastairs_5, serial_bayou_shore_b
Snake:2:  layout_layer_cave, hangedman_snake_corridor_split, uniq_frances
Snake:3:  layout_layer_cave, beargit_elvish_explorers, uniq_aizul
Snake:4:  grunt_snake_rune_serpentine_throne, layout_rooms, grunt_ministairs_11,
          hangedman_snake_corridor_split
Orc:1:    layout_diamond_mine, uniq_snorg
Orc:2:    st_orc_open, layout_caves, serial_shops, shop
Vaults:1: gammafunk_ghost_mausoleum, vaults_room_grid, v_misc_23,
          nicolae_vaults_network_quincunx
          [nicolae_vaults_network_quincunx_subvault,
          nicolae_vaults_network_quincunx_subvault,
          nicolae_vaults_network_quincunx_subvault,
          nicolae_vaults_network_quincunx_subvault,
          nicolae_vaults_network_quincunx_subvault], v_alt_pattern_6,
          vaults_dpeg_emergency_exit, hangedman_vaults_locks, v_alt_pattern_4,
          vaults_mumra_chevron, vaults_room_grunt_arrival_ludios,
          hangedman_vaults_trim, v_misc_22, vaults_room_stairs_pillars,
          layout_vaults_omnibox

Skill      XL: |  1  2  3  4  5  6  7  8  9 10 11 12 13 14 15 16 17 18 |
---------------+-------------------------------------------------------+-----
Spellcasting   | 3 4 5 7 8 9 11 | 11.8
Fighting       | 1 3 5 6 7 8 10 12 | 12.6
Ice Magic      | 4 5 6 8 |  8.0
Summonings     | 1 4 6 9 12 | 12.0
Dodging        | 3 6 8 9 11 | 11.0
Polearms       | 2 4 7 10 | 10.0
Invocations    | 6 8 10 | 10.0
Necromancy     | 4 7 12 14 15 | 15.4
Earth Magic    | 3 6 8 |  8.0
Evocations     | 1 5 |  5.0
Stealth        | |  1.5

Action                   |  1- 3 |  4- 6 |  7- 9 | 10-12 | 13-15 | 16-18 || total
-------------------------+-------+-------+-------+-------+-------+-------++-------
Melee: Unarmed           |    14 |       |       |       |       |       ||    14
       Dagger            |    22 |    13 |       |       |       |       ||    35
       Punch             |     1 |       |       |     1 |     8 |     3 ||    13
       Club              |     1 |       |       |       |       |       ||     1
       Trident           |       |    30 |    59 |   303 |   251 |       ||   643
       Demon trident     |       |       |       |       |   765 |   654 ||  1419
 Cast: Freeze            |    48 |    79 |    17 |       |       |       ||   144
       Frozen Ramparts   |       |     4 |    16 |    32 |    29 |       ||    81
       Summon Ice Beast  |       |       |     7 |    41 |    45 |     3 ||    96
       Ozocubu's Armour  |       |       |       |     5 |     5 |       ||    10
       Borgnjor's Vile C |       |       |       |       |     9 |    30 ||    39
       Animate Dead      |       |       |       |       |     1 |    20 ||    21
       Death Channel     |       |       |       |       |       |    29 ||    29
Invok: Ancestor Identity |       |     1 |       |       |       |       ||     1
       Ancestor Life: Kn |       |       |     1 |       |       |       ||     1
       Recall Ancestor   |       |       |       |     6 |     3 |    14 ||    23
       Idealise          |       |       |       |     3 |    11 |    13 ||    27
       Transference      |       |       |       |       |     1 |       ||     1
Evoke: Wand              |       |       |       |     5 |     1 |       ||     6
       Condenser vane    |       |       |       |     1 |     2 |     1 ||     4
  Use: Scroll            |       |     8 |     4 |     9 |    17 |     6 ||    44
 Stab: Sleeping          |       |     5 |     3 |     6 |     8 |     3 ||    25
       Distracted        |       |       |     3 |     5 |    16 |    16 ||    40
       Petrified         |       |       |       |       |    12 |       ||    12
       Confused          |       |       |       |       |     2 |       ||     2
Armor: Robe              |     7 |    30 |    13 |    16 |    46 |       ||   112
       Troll leather arm |       |       |       |    43 |   141 |   146 ||   330
Dodge: Dodged            |    40 |    92 |    44 |   177 |   515 |   431 ||  1299

Table legend: (Time is in decaauts)
 A = Elapsed time spent in this place.
 B = Non-inter-level travel time spent in this place.
 C = Inter-level travel time spent in this place.
 D = Time resting spent in this place.
 E = Time spent auto-exploring this place.
 F = Levels seen in this place.
 G = Mean time per level.
                   A        B        C        D        E       F      G
               +--------+--------+--------+--------+--------+-----+--------+
         Total |  33247 |  31224 |   2023 |   6034 |  16778 |  34 |  977.9 |
       Dungeon |  15379 |  14444 |    935 |   3291 |   8082 |  15 | 1025.3 |
          Lair |   6818 |   6387 |    431 |   1539 |   3388 |   5 | 1363.6 |
         Swamp |   2808 |   2451 |    357 |     48 |   1576 |   4 |  702.0 |
     Snake Pit |   4696 |   4488 |    208 |    368 |   2525 |   4 | 1174.0 |
  Orcish Mines |   1395 |   1324 |     71 |     63 |    873 |   2 |  697.5 |
        Vaults |    299 |    280 |     19 |      0 |     80 |   1 |  299.0 |
        Bazaar |     31 |     31 |      0 |      0 |      0 |   1 |   31.0 |
      Ice Cave |   1233 |   1233 |      0 |    397 |    253 |   1 | 1233.0 |
       Volcano |    584 |    584 |      0 |    328 |      0 |   1 |  584.0 |
               +--------+--------+--------+--------+--------+-----+--------+

Top non-repeatable levels by time:
  Lair:5: 2054 daAuts
  Lair:4: 1896 daAuts
    D:12: 1552 daAuts
 Snake:3: 1501 daAuts
     D:3: 1474 daAuts
     D:5: 1334 daAuts
     D:4: 1326 daAuts
    D:15: 1289 daAuts
 Snake:2: 1275 daAuts
     D:1: 1274 daAuts
 Snake:4: 1269 daAuts
   IceCv: 1233 daAuts
    D:11: 1049 daAuts
    D:13: 1031 daAuts
  Lair:2: 1012 daAuts
